 Dungeon Crawl Stone Soup version 0.29.1-2-gbd0b4ee654 (webtiles) character file.

Game seed: 6902738927131405256

100 mortz the Cudgeller (level 4, 0/29 HPs)
             Began as a Gargoyle Monk on Nov 3, 2022.
             Slain by Crazy Yiuf
             ... wielding a +3 quarterstaff of chaos
              (12 damage)
             ... on level 3 of the Dungeon.
             The game lasted 00:09:27 (2913 turns).

mortz the Cudgeller (Gargoyle Monk)                 Turns: 2913, Time: 00:09:28

Health: 0/29       AC: 15    Str: 16    XL:     4   Next: 74%
Magic:  4/4        EV:  3    Int: 11    God:
Gold:   172        SH:  7    Dex: 12    Spells: 3/3 levels left

rFire   . . .      SeeInvis .   a - +0 mace
rCold   . . .      Faith    .   o - +0 kite shield
rNeg    + . .      Spirit   .   u - +0 plate armour
rPois   ∞          Reflect  .   (no helmet)
rElec   +          Harm     .   (no cloak)
rCorr   .          Rampage  .   (no gloves)
Will    .....                   l - +0 pair of boots
Stlth   ..........              (no amulet)
HPRegen 0.09/turn               (no ring)
MPRegen 0.09/turn               (no ring)

@: no status effects
A: sickness immunity, AC +3, negative energy resistance 1, electricity
resistance, torment resistance 1, petrification resistance
a: no special abilities


You were on level 3 of the Dungeon.
You visited 1 branch of the dungeon, and saw 3 of its levels.

You collected 172 gold pieces.

Inventory:

Hand Weapons
 a - a +0 mace (weapon)
 d - a +0 spear
 g - a +0 mace
 i - a +0 hammer
 m - a +2 dagger of venom
 p - a +0 mace
 r - a +1 dagger of electrocution
Armour
 l - a +0 pair of boots (worn)
 o - a +0 kite shield (worn)
 u - a +0 plate armour (worn)
Wands
 f - a wand of mindburst (17)
 s - a wand of acid (2)
Scrolls
 j - 2 scrolls of magic mapping
 n - a scroll of summoning
Potions
 b - a potion of heal wounds
 c - a potion of ambrosia
 e - a potion of brilliance {unknown}
 h - 2 potions of flight
 k - a potion of berserk rage {unknown}
 q - a potion of curing {unknown}
 t - a potion of might {unknown}


   Skills:
 + Level 3.6 Fighting
 + Level 4.1 Maces & Flails
 + Level 1.5 Armour
 + Level 2.9 Dodging
 + Level 2.2 Stealth
 + Level 1.0 Shields


You had 3 spell levels left.
You didn't know any spells.
Your spell library contained the following spells:

 Spells                   Type           Power      Damage    Failure   Level
 Ensorcelled Hibernation  Hex/Ice        0%         N/A       100%        2
 Spider Form              Tmut/Pois      0%         N/A       100%        3
 Tukima's Dance           Hex            0%         N/A       100%        3
 Anguish                  Hex/Necr       0%         N/A       100%        4
 Passage of Golubria      Tloc           0%         N/A       100%        4
 Yara's Violent Unravell  Hex/Tmut       0%         3d3       100%        5


Dungeon Overview and Level Annotations

Branches:
Dungeon (3/15) Zot: 15022

Altars:
Trog

Annotations:
D:3 Crazy Yiuf


Innate Abilities, Weirdness & Mutations

You are immune to sickness and miasma.
Your stone body is resilient. (AC +3)
You are immune to poison.
You resist negative energy. (rN+)
You are resistant to electric shocks. (rElec)
You are resistant to unholy torment.
You are immune to petrification.


Message History

You see here a ball python corpse.
Found a plate armour.
Search for what [? for help]? plate You see here a +0 plate armour.
You start removing your armour.
You continue taking off your +0 chain mail. x4
You finish taking off your +0 chain mail.
You start putting on your armour.
You continue putting on your +0 plate armour. x5
You finish putting on your +0 plate armour.
You drop a +0 chain mail.
Found a stone staircase leading down.
There is a stone staircase leading down here.
Found two hammers.
Found a hammer.
You see here a +0 hammer.
i - a +0 hammer You see here a +0 hammer.
You see here a +0 hammer.
Found a hammer.
Found a runed translucent door.
Crazy Yiuf shouts!
You open the door. You hit Crazy Yiuf but do no damage.
You closely miss Crazy Yiuf. You closely miss Crazy Yiuf.
Crazy Yiuf hits you with a +3 quarterstaff of chaos.
Crazy Yiuf burns you.
You completely miss Crazy Yiuf.
Crazy Yiuf hits you with a +3 quarterstaff of chaos.
You closely miss Crazy Yiuf. You sock Crazy Yiuf!
Crazy Yiuf is heavily wounded.
Crazy Yiuf hits you with a +3 quarterstaff of chaos.
Crazy Yiuf freezes you.
You hit Crazy Yiuf.
Crazy Yiuf is severely wounded.
Crazy Yiuf hits you with a +3 quarterstaff of chaos!
Crazy Yiuf grits, "Spliff noodlescoop bush!"
Crazy Yiuf hits you with a +3 quarterstaff of chaos!
You die...

##...#.#####.###.#.#..
#.##... ....(......###
##### #.#..<.
...........# #.#....
...........# #####
#.##... ##...#.##.##
#..)# #...... #...#..
..# #...# ####...
#...#### ## ... ####
#...# #g# # ##...#
♣♣@♣ # .#...# ♣.♣♣ #
.#...# ♣♣.♣ . .##.##
##### ♣.♣♣ #
#.#.####...# ♣♣.♣♣
.##.......># ♣...♣♣
.†.........# ♣....♣
.##.######## #...)#
.##.# ####...)#


You could see Crazy Yiuf.

Vanquished Creatures
  3 adders (D:3)
  A dart slug (D:2)
  5 bats
  5 endoplasms
  A giant cockroach (D:1)
  10 goblins
  4 hobgoblins
  8 jackals
  5 kobolds
  2 quokkas
  11 ball pythons
  4 frilled lizards
  4 rats
63 creatures vanquished.

Vanquished Creatures (others)
  2 demonic plants (D:1)
  A fungus (D:1)
  A plant (D:1)
  A withered plant (D:1)
5 creatures vanquished.

Grand Total: 68 creatures vanquished

Notes
Turn   | Place    | Note
-------+----------+-------------------------------------------
     0 | D:1      | mortz the Gargoyle Monk began the quest for the Orb.
     0 | D:1      | Reached XP level 1. HP: 14/14 MP: 1/1
   299 | D:1      | Reached XP level 2. HP: 19/19 MP: 2/2
   500 | D:1      | Found a faded altar of an unknown god.
  1003 | D:1      | Reached XP level 3. HP: 21/23 MP: 3/3
  2187 | D:2      | Reached XP level 4. HP: 28/28 MP: 4/4
  2289 | D:2      | Reached skill level 4 in Maces & Flails
  2587 | D:3      | Found a bloodstained altar of Trog.
  2612 | D:3      | Reached skill level 1 in Armour
  2673 | D:3      | Reached skill level 1 in Shields
  2902 | D:3      | Found a runed translucent door.
  2903 | D:3      | Noticed Crazy Yiuf
  2913 | D:3      | Slain by Crazy Yiuf

Illustrated notes

Levels and vault maps discovered:
D:1:      minmay_arrival_jagged, layout_loops_ring, shapermc_ecumenical_altar_gd
D:2:      layout_basic
D:3:      layout_loops_cross, mainiacjoe_overflow_six_doors_small,
          uniq_crazy_yiuf_cottage

Skill      XL: |  1  2  3  4 |
---------------+-------------+-----
Maces & Flails | 4 |  4.1
Armour         | 1 |  1.5
Shields        | 1 |  1.0
Fighting       | |  3.6
Dodging        | |  2.9
Stealth        | |  2.2

Action                   |  1- 3 |  4- 6 || total
-------------------------+-------+-------++-------
Melee: Mace              |   141 |    52 ||   193
  Use: Scroll            |       |     6 ||     6
Armor: Robe              |    14 |       ||    14
       Ring mail         |     4 |       ||     4
       Chain mail        |    61 |    31 ||    92
       Plate armour      |       |     2 ||     2
Dodge: Dodged            |    75 |     9 ||    84
Block: Kite shield       |    21 |    17 ||    38
